AoeStats
← Chiripa605

Black Forest

510295601Analyzed
4v4 RM · 4h ago on Sep 30, 2026· 41m 36s· 8 players
Game mode
Random Map
Map size
Large (8 player)
Population
200
Speed
Normal
Resources
Standard
Victory
Conquest
Starting age
Dark Age
Ending age
Imperial Age
RankedLock teamsTeams togetherTeam positionsShared explorationLock speedFull tech treeHidden civsTurbo modeCheats
Victory
Defeat
🇨🇳 Magyars · China
1480
+12
🇦🇺 Franks · Australia
1418
+15
🇳🇱 Saxons · Netherlands
1416
+15
🇭🇰 Varangians · Hong Kong SAR China
1375
+17
🇺🇸 Hindustanis · United States
1463
-17
🇨🇳 Saxons · China
1389
-15
🇪🇸 Celts · Spain
1372
-14
🇩🇪 Mongols · Germany
1355
-13
MaXimus
11:10 Feudal Age
15:33 Castle Age
14:05 Double-Bit Axe
16:41 Bow Saw
17:00 Loom
20:30 Wheelbarrow
28:32 Imperial Age
26:50 Hand Cart
26:26 Gold Mining
27:50 Scale Mail Armor
28:01 Forging
28:45 Gold Shaft Mining
28:01 Stone Mining
29:04 Chain Mail Armor
31:17 Plate Mail Armor
31:23 Iron Casting
31:55 Chemistry
31:35 Elite Throwing Axeman
32:36 Conscription
34:01 Blast Furnace
33:02 Squires
32:48 Arson
36:39 Siege Engineers
38:29 Fletching
39:35 Cavalier
40:16 Husbandry
D3AGLEZ
0:48 Loom
11:55 Feudal Age
12:29 Double-Bit Axe
16:34 Town Watch
17:26 Wheelbarrow
19:16 Fishing Lines
22:00 Castle Age
23:15 Gillnets
26:39 Imperial Age
24:56 Forging
25:11 Scale Mail Armor
26:18 Squires
27:08 Iron Casting
26:57 Bow Saw
26:52 Arson
26:52 Gambesons
27:42 Gold Mining
28:18 Capped Ram
29:24 Chain Mail Armor
29:26 Town Watch
31:11 Plate Mail Armor
31:45 Conscription
35:29 Elite Varangian Guard
38:04 Fletching
39:14 Horse Collar
3HK
7:07 Loom
11:42 Feudal Age
12:11 Double-Bit Axe
17:09 Castle Age
17:15 Fishing Lines
18:03 Bow Saw
18:35 Wheelbarrow
20:39 Coinage
21:02 Gold Mining
22:12 Stone Mining
23:41 Gillnets
27:02 Hand Cart
30:51 Imperial Age
28:45 Scale Mail Armor
28:56 Forging
28:56 Horse Collar
29:42 Chain Mail Armor
30:08 Squires
29:54 Arson
30:56 Stone Shaft Mining
30:10 Town Watch
30:18 Treadmill Crane
31:42 Iron Casting
32:02 Plate Mail Armor
30:54 Elite Varangian Guard
31:58 Conscription
31:01 Gothikon
32:02 Conscription
31:59 Heavy Plow
32:50 Conscription
35:09 Blast Furnace
泡锅
Chiripa605
0:49 Loom
Personalizado
5:19 Loom
10:58 Feudal Age
15:34 Castle Age
13:53 Double-Bit Axe
19:50 Town Watch
20:05 Horse Collar
23:38 Scale Mail Armor
24:02 Medium Warships
23:35 Fishing Lines
25:55 Bow Saw
26:51 Wheelbarrow
26:30 Man-at-Arms
27:39 Forging
28:38 Hand Cart
29:16 Iron Casting
32:11 Imperial Age
30:19 Pikeman
31:55 Gold Mining
33:24 Heavy Plow
32:54 Onager
34:05 Fletching
34:36 Siege Engineers
35:33 Chemistry
34:44 Masonry
36:39 Blast Furnace
36:11 Conscription
36:03 Furor Celtica
37:01 Hoardings
36:22 Halberdier
36:25 Light Cavalry
37:05 Husbandry
40:59 Scale Barding Armor
40:17 Siege Onager
S.T.A.R.S. Wesker
0:47 Loom
12:08 Feudal Age
16:04 Castle Age
15:01 Double-Bit Axe
18:26 Horse Collar
30:12 Imperial Age
28:30 Bow Saw
29:16 Wheelbarrow
29:44 Scale Mail Armor
29:54 Forging
30:17 Squires
30:03 Gambesons
31:29 Elite Hearth Troop
32:34 Elite Varangian Guard
33:08 Shield Wall
34:00 Fishing Lines
35:03 Chain Mail Armor
35:23 Iron Casting
Das Frettchen
11:30 Feudal Age
15:36 Castle Age
13:29 Double-Bit Axe
17:29 Fishing Lines
18:58 Wheelbarrow
20:28 Bow Saw
23:23 Gillnets
25:31 Hand Cart
30:13 Imperial Age
27:40 Gold Mining
27:40 Loom
27:42 Town Watch
29:25 Fletching
30:01 Ballistics
29:52 Town Patrol
30:44 Gold Shaft Mining
30:00 Stone Mining
30:46 Caravan
31:16 Coinage
30:25 Onager
31:52 Stone Shaft Mining
32:22 Siege Engineers
33:18 Chemistry
32:19 Capped Ram
34:14 Banking
34:32 Drill
33:47 Heavy Scorpion
34:34 Siege Ram
39:21 Elite Mangudai
41:09 Bodkin Arrow
Connection lost

Rejoining the realm…

Still unreachable

The connection could not be restored.

Session expired

The server has moved on; the page needs a fresh start.